 Dungeon Crawl Stone Soup version 0.22.0-49-gab54619674 (webtiles) character file.

310 Freyura the Poker (level 6, 0/48 HPs)
             Began as a Merfolk Gladiator on Sept 8, 2018.
             Slain by an ogre
             ... wielding a +0 giant club
              (23 damage)
             ... on level 4 of the Dungeon.
             The game lasted 00:10:40 (3256 turns).

Freyura the Poker (Merfolk Gladiator)               Turns: 3256, Time: 00:10:40

Health: 0/48       AC:  7    Str: 14    XL:     6   Next: 41%
Magic:  6/6        EV: 16    Int:  8    God:
Gold:   222        SH:  0    Dex: 22    Spells: 5/5 levels left

rFire    + . .     SeeInvis .   a - +1 trident
rCold    + . .     Gourm    .   (no shield)
rNeg     + . .     Faith    .   l - +2 leather armour {rF+}
rPois    .         Spirit   .   c - +0 helmet
rElec    .         Reflect  .   (no cloak)
rCorr    .         Harm     .   o - +0 pair of gloves
MR       .....     Rnd*Tele +   (no boots)
Stlth    ++........             (no amulet)
HPRegen  0.16/turn              k - ring of positive energy
MPRegen  0.10/turn              r - ring of Tinir {*Tele rC+ Dex+5}

@: no status effects
A: change form in water, swift swim, stealthy swim
a: no special abilities


You were on level 4 of the Dungeon.
You were full.

You visited 1 branch of the dungeon, and saw 4 of its levels.

You collected 222 gold pieces.

Inventory:

Hand Weapons
 a - a +1 trident (weapon)
Missiles
 d - 3 throwing nets (quivered)
Armour
 c - a +0 helmet (worn)
 l - a +2 leather armour of fire resistance (worn)
 o - a +0 pair of gloves (worn)
Jewellery
 k - a ring of positive energy (left hand)
 n - a +3 ring of protection
 r - the ring of Tinir (right hand) {*Tele rC+ Dex+5}
   (You found it on level 4 of the Dungeon)

   [ring of teleportation]

   It may teleport you next to monsters.
   It affects your dexterity (+5).
   It protects you from cold.
Scrolls
 e - 2 scrolls of fog
 g - a scroll of teleportation
 q - a scroll of enchant weapon
Potions
 b - a potion of mutation {unknown}
 h - a potion of agility {unknown}
 i - a potion of lignification {unknown}
 j - a potion of curing
 m - a potion of brilliance {unknown}
 p - a potion of cancellation {unknown}
Comestibles
 f - 6 rations


   Skills:
 + Level 4.0 Fighting
 * Level 7.8 Polearms
 - Level 2.0 Throwing
 + Level 5.7 Dodging


You had 5 spell levels left.
You didn't know any spells.
Your spell library contained the following spells:

 Spells                   Type           Power        Failure   Level  Hunger
 Animate Skeleton         Necr           N/A          50%         1    ##.....
 Apportation              Tloc           #.....       50%         1    ##.....
 Confusing Touch          Hex            #.....       50%         1    ##.....
 Summon Small Mammal      Summ           #...         50%         1    ##.....


Dungeon Overview and Level Annotations

Branches:
Dungeon (4/15)
 Temple: D:4-7

Altars:
Yredelemnul

Annotations:
D:4 Grinder, Pikel


Message History

The slave shouts!
The ogre shouts!
You hear a shout!
Pikel the Slaver comes into view.
He is wielding a whip of freezing.
Pikel shouts!
You hit Grinder.
Grinder is lightly wounded.
You hear a shout!
A slave comes into view.
Grinder hits you!
You writhe in agony.
You closely miss Grinder.
The slave shouts!
You hit Grinder but do no damage. Grinder hits you.
The ogre hits you with a giant club!
You hit Grinder.
Grinder is lightly wounded.
Grinder gestures at you. Pain shoots through your body!
A slave comes into view.
An orc comes into view.
You are too injured to fight recklessly!
The ogre hits you with a giant club!!
You die...

.......# #......##...
#po....# ##.....##...
#......# #.....##...
#.pp...#+#####.......#
#..K................##
#....................#
...#...5................#
.......O................#
.......#@#..............#
.......#.##.####...###..#
.......#.##.# ###.###..#
.......#..#.# #...##..#
.##....##.#.#####...##...
#.... #...#.......##...
#....###..#.####### ...
#....>.....# #........#.#


You could see Pikel, Grinder, an ogre, 3 slaves and an orc.

Vanquished Creatures
  A hound (D:4)
  Jessica (D:3)
  Natasha (twice) (D:3)
  An iguana (D:4)
  A worker ant (D:3)
  5 adders
  6 worms
  2 dart slugs
  4 leopard geckos (D:2)
  6 orcs (D:3)
  A giant cockroach (D:2)
  7 goblins
  10 hobgoblins
  4 jackals (D:4)
  9 kobolds
  A quokka (D:3)
  3 ball pythons
  5 bats
  8 frilled lizards
  12 rats
  A spectral orc (D:4)
90 creatures vanquished.

Notes
Turn   | Place    | Note
-------+----------+-------------------------------------------
     0 | D:1      | Freyura the Merfolk Gladiator began the quest for the Orb.
     0 | D:1      | Reached XP level 1. HP: 16/16 MP: 1/1
   167 | D:1      | Reached XP level 2. HP: 22/23 MP: 2/2
   257 | D:1      | Reached skill level 5 in Polearms
  1075 | D:1      | Reached XP level 3. HP: 26/28 MP: 3/3
  1434 | D:2      | Reached XP level 4. HP: 13/34 MP: 4/4
  1631 | D:2      | Reached skill level 6 in Polearms
  2287 | D:3      | Reached skill level 5 in Dodging
  2315 | D:3      | Reached XP level 5. HP: 40/41 MP: 5/5
  2584 | D:3      | Noticed Jessica
  2591 | D:3      | Killed Jessica
  2591 | D:3      | Reached skill level 7 in Polearms
  2594 | D:3      | Noticed Natasha
  2601 | D:3      | Killed Natasha
  2794 | D:3      | Noticed Natasha
  2799 | D:3      | Killed Natasha
  2799 | D:3      | Reached XP level 6. HP: 48/48 MP: 6/6
  3170 | D:4      | Found a basalt altar of Yredelemnul.
  3211 | D:4      | Got a steaming brass ring
  3213 | D:4      | Identified the ring of Tinir {*Tele rC+ Dex+5} (You found
                  | it on level 4 of the Dungeon)
  3248 | D:4      | Noticed Grinder
  3249 | D:4      | Noticed a slave
  3251 | D:4      | Noticed Pikel
  3251 | D:4      | Noticed a slave
  3254 | D:4      | Noticed a slave
  3256 | D:4      | Slain by an ogre

Skill      XL: |  1  2  3  4  5  6 |
---------------+-------------------+-----
Polearms       | 5 6 7 |  7.8
Fighting       | 3 4 |  4.0
Dodging        | 5 |  5.7
Throwing       | |  2.0

Action                   |  1- 3 |  4- 6 || total
-------------------------+-------+-------++-------
Melee: Trident           |   121 |   222 ||   343
  Use: Scroll            |     4 |     3 ||     7
       Potion            |       |     3 ||     3
 Stab: Sleeping          |     3 |     2 ||     5
       Distracted        |       |     1 ||     1
  Eat: Ration            |     2 |     2 ||     4
Armor: Leather armour    |    21 |    57 ||    78
Dodge: Dodged            |    56 |   140 ||   196
